 Dungeon Crawl Stone Soup version 0.30.1-9-gdf580d7c3d (webtiles) character file.

Game seed: 854633155110757451

57 Gabide the Shooter (level 3, -1/30 HPs)
             Began as a Demigod Hunter on Oct 24, 2023.
             Slain by a gnoll
             ... wielding a +0 whip
              (6 damage)
             ... on level 2 of the Dungeon.
             The game lasted 00:01:16 (865 turns).

Gabide the Shooter (Demigod Hunter)                  Turns: 865, Time: 00:01:16

Health: -1/30      AC:  4    Str: 12    XL:     3   Next: 50%
Magic:  5/5        EV: 12    Int: 11    God:
Gold:   10         SH:  0    Dex: 21    Spells: 2/2 levels left

rFire   . . .        a - +0 shortbow
rCold   . . .        (shield currently unavailable)
rNeg    . . .        c - +0 leather armour
rPois   .            (no helmet)
rElec   .            g - +0 cloak
rCorr   .            (no gloves)
SInv    .            (no boots)
Will    .....        (no amulet)
Stlth   ++           (no ring)
HPRegen 0.25/turn    (no ring)
MPRegen 0.09/turn

%: no passive effects
@: no status effects
A: high MP 1, forlorn, divine attributes
a: no special abilities


You were on level 2 of the Dungeon.
You visited 1 branch of the dungeon, and saw 2 of its levels.

You collected 10 gold pieces.

Inventory:

Hand Weapons
 a - a +0 shortbow (weapon)
Armour
 c - a +0 leather armour (worn)
 g - a +0 cloak (worn)
Scrolls
 b - a scroll of immolation


   Skills:
 + Level 2.5 Fighting
 + Level 4.1 Ranged Weapons
 + Level 2.5 Dodging
 - Level 1.0 Stealth


You had 2 spell levels left.
You didn't know any spells.
Your spell library contained the following spells:

 Spells                   Type           Power      Damage    Failure   Level
 Ozocubu's Armour         Ice            0%         N/A       80%         3
 Ozocubu's Refrigeration  Ice            0%         4d7       100%        7


Dungeon Overview and Level Annotations

Branches:
Dungeon (2/15)


Innate Abilities, Weirdness & Mutations

You have an increased reservoir of magic. (+10% MP)
You shall have no god before yourself.
Your divine heritage dramatically boosts your attributes as you level up.


Message History

The gnoll barely misses you. The gnoll hits you but does no damage.
The gnoll hits you with a +0 whip.
You shoot an arrow. The arrow hits the gnoll!
You kill the gnoll!
The gnoll barely misses you. The gnoll hits you with a +0 whip.
The gnoll barely misses you. The gnoll misses you.
You are too injured to fight recklessly!
You are too injured to fight recklessly!
You are too injured to fight recklessly!
You are too injured to fight recklessly!
You are too injured to fight recklessly!
You are too injured to fight recklessly!
You are too injured to fight recklessly!
You are too injured to fight recklessly!
You are too injured to fight recklessly!
You are too injured to fight recklessly!
You are too injured to fight recklessly!
You are too injured to fight recklessly!
You are too injured to fight recklessly!
You are too injured to fight recklessly!
You are too injured to fight recklessly!
You are too injured to fight recklessly!
Unknown command.
The gnoll attacks as you move away! The gnoll hits you with a +0 whip!
* * * LOW HITPOINT WARNING * * *
The gnoll hits you from afar with a +0 halberd.
* * * LOW HITPOINT WARNING * * *
Things that are here:
a +0 whip; a gnoll corpse You aren't carrying any potions.
Okay, then.
Okay, then.
The gnoll attacks as you move away! The gnoll barely misses you.
Found a short sword.
The gnoll attacks as you move away! The gnoll hits you with a +0 whip.
* * * LOW HITPOINT WARNING * * *
The gnoll attacks as you move away! The gnoll misses you.
The gnoll attacks as you move away! The gnoll hits you but does no damage.
The gnoll attacks as you move away! The gnoll hits you with a +0 whip.
You die...

#..##.####.#.
#............
#.###..##....
#.###......#)
#######............
#...†....g)..#..##.
##.####............
#.# #g###.##..##.
#.# #@# #.......
#.# #.# ####..##
#.####.######..#
#...............
#.####.#######. #.#
#.#
##.####.##########.
#..................
##.###..###.....##


You could see 2 gnolls.

Vanquished Creatures
  2 adders (D:2)
  2 gnolls (D:2)
  2 endoplasms (D:1)
  3 hobgoblins (D:1)
  A quokka (D:2)
  A ball python (D:2)
  2 bats (D:1)
  A frilled lizard (D:1)
  3 goblins (D:1)
  2 kobolds (D:1)
  4 rats (D:1)
23 creatures vanquished.

Notes
Turn   | Place    | Note
-------+----------+-------------------------------------------
     0 | D:1      | Gabide the Demigod Hunter began the quest for the Orb.
     0 | D:1      | Reached XP level 1. HP: 17/17 MP: 3/3
    72 | D:1      | Reached skill level 1 in Stealth
   230 | D:1      | Reached XP level 2. HP: 24/24 MP: 4/4
   815 | D:2      | Reached skill level 4 in Ranged Weapons
   815 | D:2      | Reached XP level 3. HP: 27/30 MP: 5/5
   865 | D:2      | Slain by a gnoll

Illustrated notes

Levels and vault maps discovered:
D:1:      ebering_trefoil_3fold, layout_basic
D:2:      layout_basic, basic_altar, uniq_sigmund

Skill      XL: |  1  2 |
---------------+-------+-----
Stealth        | 1 |  1.0
Fighting       | 2 |  2.5
Dodging        | 2 |  2.5
Ranged Weapons | 4 |  4.1

Action                     || total
---------------------------++-------
   Fire: Shortbow          ||    69
    Use: Scroll            ||     2
         Potion            ||     1
 Armour: Leather armour    ||    17
  Dodge: Dodged            ||    39
